 Dungeon Crawl Stone Soup version 0.17-a0-1360-g37db002 (webtiles) character file.

590 Kisielow the Infuser (level 7, 0/36 HPs)
             Began as a Deep Elf Conjurer on June 11, 2015.
             Slain by a human zombie (3 damage)
             ... on level 4 of the Dungeon.
             The game lasted 00:12:16 (3741 turns).

Kisielow the Infuser (Deep Elf Conjurer)            Turns: 3741, Time: 00:12:16

Health: 0/36       AC:  4    Str:  7      XL:     7   Next: 16%
Magic:  2/13       EV: 13    Int: 21 (23) God:
Gold:   158        SH:  0    Dex: 15      Spells: 3 memorised, 4 levels left

rFire  . . .     SeeInvis .     v - +1 dagger (elec)
rCold  . . .     Clarity  .     a - +0 robe
rNeg   . . .     SustAt   .     (no shield)
rPois  .         Gourm    .     l - +2 hat
rElec  .         Spirit   .     (no cloak)
rCorr  .         Warding  .     (no gloves)
rMut   .         Stasis   .     (no boots)
MR     .....                    (no amulet)
Stlth  ++........               q - -2 ring of intelligence (curse)
                                k - ring of wizardry

@: brilliant, not resistant to hostile enchantments, unstealthy
A: no striking features
a: no special abilities


You were on level 4 of the Dungeon.
You were near starving.

You visited 1 branch of the dungeon, and saw 4 of its levels.

You collected 158 gold pieces.

Inventory:

Hand weapons
 p - a +1 dagger of venom
 v - a +1 dagger of electrocution (weapon)
Armour
 a - a +0 robe (worn)
 l - a +2 hat (worn)
Jewellery
 k - a ring of wizardry (left hand)
 o - an uncursed ring of sustain attributes
 q - a cursed -2 ring of intelligence (right hand)
 t - a +5 ring of intelligence
Scrolls
 u - 5 scrolls of identify
 w - 2 scrolls of teleportation
 x - a scroll of blinking
 y - a scroll of fog
 E - a scroll of enchant weapon {unknown}
Potions
 d - a potion of cure mutation
 e - a potion of invisibility {unknown}
 g - a potion of resistance {unknown}
 h - a potion of cancellation
 i - a potion of brilliance
 j - a potion of magic {unknown}
 s - a potion of flight {unknown}
 z - a potion of degeneration
 A - a potion of curing {unknown}
 D - a potion of berserk rage {unknown}
Books
 b - a book of Conjurations

   Spells                             Type                      Level
   a - Magic Dart                     Conjuration                  1
   b - Searing Ray                    Conjuration                  2
   c - Dazzling Spray                 Conjuration/Hexes            3
   d - Fulminant Prism                Conjuration/Hexes            4
   e - Iskenderun's Mystic Blast      Conjuration                  4
   f - Iskenderun's Battlesphere      Conjuration/Charms           5
 C - a book of Ice

   Spells                             Type                      Level
   a - Ice Form                       Ice/Transmutation            4
   b - Metabolic Englaciation         Hexes/Ice                    5
   c - Ozocubu's Refrigeration        Ice                          6
   d - Bolt of Cold                   Conjuration/Ice              6
   e - Freezing Cloud                 Conjuration/Ice/Air          6
   f - Simulacrum                     Ice/Necromancy               6
Comestibles
 c - 5 bread rations
 m - a royal jelly
 n - 3 meat rations
 B - a slice of pizza


   Skills:
 - Level 2.4 Dodging
 - Level 2.4 Stealth
 - Level 3.0 Spellcasting
 - Level 7.0 Conjurations
 * Level 8.3 Charms


You had 4 spell levels left.
You knew the following spells:

 Your Spells              Type           Power        Failure   Level  Hunger
a - Magic Dart            Conj           ####         1%          1    None
q - Iskenderun's Battles  Conj/Chrm      #####...     2%          5    ######.
s - Searing Ray           Conj           #####.       1%          2    ##.....


Dungeon Overview and Level Annotations

Branches:
Dungeon (4/15)
 Temple: D:4-7

Altars:

Portals:
Ossuary: D:4


Message History

You conjure a globe of magical energy.
You are near starving!
The elf skeleton hits you.
* * * LOW HITPOINT WARNING * * *
The human zombie closely misses you.
Drink which item? (? for menu, Esc to quit)
It was a potion of degeneration.
There was something very wrong with that liquid.
You feel dopey. The elf skeleton barely misses you. The human zombie hits you.
* * * LOW HITPOINT WARNING * * *
Drink which item? (? for menu, Esc to quit)
It was a potion of brilliance.
You feel clever all of a sudden.
Drink which item? (? for menu, Esc to quit)
It was a potion of cure mutation.
It has a very clean taste.
The elf skeleton hits you.
* * * LOW HITPOINT WARNING * * *
The human zombie hits you.
You die...

....## ##.#######.........#
##...# #.# #.........# ###.####
#..######.........#
#..†.####.....)..........# .
####..###..#####.........### ..
##...#########..........###
#.#######.# #.+ #........#..##
#....####.# #+#Z###.).....###.##
#####......# +..@Z∩#......####.##
...........###.*.###.............
#####.######.'...'.###.....###...
##..# #.#'#'###.........)...
#..## ####.#.#.'.####.........#
##.#####.(#'####### #.........#
##..###......# #.........#
........###### #.........#
.######## #.........#


You could see a human zombie and an elf skeleton.

Vanquished Creatures
  2 giant frogs (D:4)
  An elf skeleton (D:4)
  A scorpion (D:4)
  A crimson imp (D:4)
  2 human zombies (D:4)
  A human skeleton (D:4)
  Jessica (D:2)
  An iguana (D:4)
  Robin (D:2)
  A gnoll (D:1)
  5 adders
  2 oozes (D:3)
  2 worms (D:2)
  2 giant geckos (D:3)
  9 orcs
  6 bats
  11 hobgoblins
  7 jackals
  12 kobolds
  A quokka (D:2)
  5 giant cockroaches
  A giant gecko skeleton (D:4)
  2 giant newts
  17 goblins
  An orc zombie (D:4)
  A quokka skeleton (D:3)
  4 rats
100 creatures vanquished.

Notes
Turn   | Place    | Note
--------------------------------------------------------------
     0 | D:1      | Kisielow the Deep Elf Conjurer began the quest for the Orb.
     0 | D:1      | Reached XP level 1. HP: 10/10 MP: 6/6
   292 | D:1      | Reached skill level 5 in Conjurations
   292 | D:1      | Reached XP level 2. HP: 15/15 MP: 0/8
   364 | D:1      | Learned a level 2 spell: Searing Ray
   874 | D:2      | Noticed Jessica
  1008 | D:2      | Reached XP level 3. HP: 19/19 MP: 3/9
  1107 | D:2      | Killed Jessica
  1107 | D:2      | Reached skill level 6 in Conjurations
  1201 | D:2      | Reached XP level 4. HP: 24/24 MP: 6/10
  1702 | D:2      | Noticed Robin
  1714 | D:2      | Killed Robin
  2415 | D:3      | Reached XP level 5. HP: 28/28 MP: 7/11
  2417 | D:3      | Reached skill level 7 in Conjurations
  2427 | D:3      | Learned a level 5 spell: Iskenderun's Battlesphere
  2678 | D:3      | Reached skill level 1 in Charms
  3170 | D:4      | Reached skill level 5 in Charms
  3170 | D:4      | Reached XP level 6. HP: 22/32 MP: 1/12
  3639 | D:4      | Reached skill level 8 in Charms
  3639 | D:4      | Reached XP level 7. HP: 3/36 MP: 2/13
  3735 | D:4      | Found a sand-covered staircase.
  3741 | D:4      | Slain by a human zombie

Vault maps used:
D:1:      matt_arrival_refuge
D:2:      first_bread, minivault_5, uniq_jessica, uniq_robin
D:3:      minmay_joined_circles
D:4:      nicolae_ossuary_entry_catacombs

Action                   |  1- 3 |  4- 6 |  7- 9 || total
-------------------------+-------+-------+-------++-------
Melee: Dagger            |       |    42 |     1 ||    43
 Cast: Magic Dart        |    47 |   131 |     3 ||   181
       Searing Ray       |     2 |     9 |       ||    11
       Iskenderun's Batt |       |     2 |     2 ||     4
  Use: Scroll            |     7 |     3 |       ||    10
       Potion            |       |       |     3 ||     3
  Eat: Chunk             |     1 |     6 |       ||     7
       Fruit             |       |     1 |     1 ||     2
